 Dungeon Crawl Stone Soup version 0.31-a0-1074-g0b22e4e0f1 (webtiles) character file.

Game seed: 13182479322321676227

111 Jeffwins the Ruffian (level 4, -2/29 HPs)
             Began as an Octopode Shapeshifter on Nov 26, 2023.
             Splashed by a jelly's acid (5 damage)
             ... on level 4 of the Dungeon.
             The game lasted 00:03:52 (2361 turns).

Jeffwins the Ruffian (Octopode Shapeshifter)        Turns: 2361, Time: 00:03:53

Health: -2/29      AC: -11   Str: 13    XL:     4   Next: 92%
Magic:  4/4        EV: 13    Int: 14    God:
Gold:   193        SH:  0    Dex: 11    Spells: 2/3 levels left

rFire   . .          .
                       - Unarmed
rCold   . . .        (no shield)
rNeg    . . .        (helmet currently unavailable)
rPois   +            (no amulet)
rElec   .            P - ring of poison resistance
rCorr   .            (no ring)
SInv    .            (no ring)
Will    .....        (no ring)
Stlth   ++           (no ring)
HPRegen 0.24/turn    (no ring)
MPRegen 0.09/turn    (no ring)
                     (no ring)

%: no passive effects
@: beast-form, corroded
A: beast (slay +2), almost no armour, amphibious, 8 rings, camouflage 1,
gelatinous body 1, (nimble swimmer 1), tentacles
a: Begin Untransformation


You were on level 4 of the Dungeon.
You were a hulking beast.
You visited 1 branch of the dungeon, and saw 5 of its levels.

You collected 193 gold pieces.


Innate Abilities, Weirdness & Mutations

You are a hulking beast.
Your limbs bulge with bestial killing power. (Slay +2)
You cannot wear most types of armour.
You are amphibious.
You can wear up to eight rings at the same time.
Your skin changes colour to match your surroundings (Stealth+).
Your rubbery body absorbs attacks. (AC +1, EV +1)
((You are camouflaged when in or above water. (Stealth+)))
You have tentacles for arms and can constrict up to eight enemies at once.


   Skills:
 + Level 1.9 Fighting
 + Level 2.5 Dodging
 * Level 3.9 Unarmed Combat
 * Level 0.2 Spellcasting
 * Level 0.4 Conjurations
 * Level 0.6 Fire Magic
 * Level 3.7 Shapeshifting


You had 2 spell levels left.
You knew the following spells:

 Your Spells              Type           Power      Damage    Failure   Level
z - Foxfire               Conj/Fire      4%         2x1d4     24%         1

Your spell library contained the following spells:

 Spells                   Type           Power      Damage    Failure   Level
 Kiss of Death            Conj/Necr      0%         2d5       26%         1
 Poisonous Vapours        Pois/Air       0%         N/A       41%         2
 Mephitic Cloud           Conj/Pois/Air  0%         N/A       63%         3
 Confusing Touch          Hex            0%         N/A       65%         3
 Tukima's Dance           Hex            0%         N/A       65%         3
 Dispel Undead            Necr           0%         3d6       96%         4
 Passage of Golubria      Tloc           0%         N/A       96%         4
 Freezing Cloud           Conj/Ice/Air   0%         6-21      100%        5
 Yara's Violent Unravell  Hex/Tmut       0%         3d3       100%        5
 Plasma Beam              Fire/Air       0%         2x1d10    100%        6
 Starburst                Conj/Fire      0%         6d3       100%        6

Inventory:

Missiles
 r - 5 poisoned darts
Armour
 s - an orb of wrath
Jewellery
 P - a ring of poison resistance (left tentacle)
Talismans
 b - a beast talisman
 c - a flux talisman
Wands
 o - a wand of polymorph (6)
 v - a wand of roots (12)
Scrolls
 e - a scroll of acquirement {unknown}
 g - a scroll of revelation {unknown}
 h - a scroll of silence {unknown}
 i - 10 scrolls of identify {unknown}
 j - a scroll of poison {unknown}
 l - 2 scrolls of noise {unknown}
 m - 4 scrolls of teleportation {unknown}
 t - 2 scrolls of amnesia {unknown}
 u - a scroll of enchant weapon {unknown}
Potions
 a - a potion of lignification {!q}
 d - a potion of heal wounds {unknown}
 f - 2 potions of might {unknown}
 k - a potion of haste {unknown}
 n - a potion of enlightenment {unknown}
 p - a potion of mutation {unknown}
 q - 3 potions of curing {unknown}

Dungeon Overview and Level Annotations

Branches:
Dungeon (5/15)
 Temple: D:4-7

Altars:
Ashenzari
Dithmenos
Okawaru
Sif Muna
Xom

Shops:
D:3

(
#############.......#....
..... #........'.... ....
#..).....#.... ...
#........#....
#..#+###....##.####.
.....####'###.####.
#.S..#.....#.......
#.J..#.....#.......
#.h..#.....#.......
#.†..#.....#.......
#....########......
#....##.... #......
#######.......... #######
.................##...##.
#######......... ........
#....########......
#....##....##......


You could see a jelly and an adder.


Message History

You tentacle-slap the hobgoblin.
You kill the hobgoblin!
You see here a hobgoblin corpse.
An adder comes into view.
The jelly hits you but does no damage.
You tentacle-slap the jelly.
Your tentacles burn!
The jelly is lightly wounded.
The jelly hits you. The acid corrodes you!
You are splashed with acid!
* * * LOW HITPOINT WARNING * * *
You are too injured to fight recklessly!
You are too injured to fight recklessly!
Unknown command.
Okay, then.
You tentacle-slap the jelly. The acid corrodes you!
Your tentacles burn!
* * * LOW HITPOINT WARNING * * *
The jelly is lightly wounded.
The jelly hits you.
* * * LOW HITPOINT WARNING * * *
The acid corrodes you!
You are splashed with acid!
* * * LOW HITPOINT WARNING * * *
You tentacle-slap the jelly but do no damage.
Your tentacles burn!
* * * LOW HITPOINT WARNING * * *
Your tentacle-slap misses the jelly.
The jelly is lightly wounded.
The jelly barely misses you.
Unknown command.
You tentacle-slap the jelly but do no damage.
Your tentacles burn!
You die...

Action                     |  1- 3 |  4- 6 || total
---------------------------+-------+-------++-------
  Melee: Unarmed           |    80 |    24 ||   104
         Constrict         |    18 |     5 ||    23
         Tentacles         |    10 |     5 ||    15
         Punch             |     2 |       ||     2
   Cast: Foxfire           |       |     6 ||     6
   Stab: Sleeping          |     6 |       ||     6
         Distracted        |     1 |       ||     1
 Armour: Skin              |    26 |    11 ||    37
  Dodge: Dodged            |    35 |    15 ||    50

Levels and vault maps discovered:
D:1:      dpeg_arrival_ternary, layout_basic,
          shapermc_ecumenical_altar_starsandcircs
D:2:      layout_basic, basic_altar, grunt_decor_clamped
D:3:      layout_rooms, nicolae_sif_muna_little_library, serial_shops,
          nicolae_shop_rolling_square, uniq_ijyb
D:4:      layout_gridville, tgw_xom, old_standard_altar,
          mainiacjoe_overflow_brackets, chequers_jeans,
          hangedman_decor_opposing, amcnicky_mini_corridor_feature
D:5:      layout_basic, pdpol_wu_jian_five_deadly_venoms,
          minmay_temple_entry_trees, minmay_misc_feat_rows, kennysheep_doodads

Notes
Turn   | Place    | Note
-------+----------+-------------------------------------------
     0 | D:1      | Jeffwins the Octopode Shapeshifter began the quest for the
                  | Orb.
     0 | D:1      | Reached XP level 1. HP: 13/13 MP: 1/1
    52 | D:1      | Found a faded altar of an unknown god.
    99 | D:1      | Reached XP level 2. HP: 18/18 MP: 2/2
   518 | D:2      | Reached XP level 3. HP: 18/23 MP: 3/3
   530 | D:2      | Found a shadowy altar of Dithmenos.
  1214 | D:3      | Noticed Ijyb
  1247 | D:3      | Killed Ijyb
  1248 | D:3      | Reached XP level 4. HP: 11/29 MP: 4/4
  1382 | D:3      | Learned a level 1 spell: Foxfire
  1472 | D:3      | Found Xaapos's Weapon Shop.
  1530 | D:3      | Found a shimmering blue altar of Sif Muna.
  1537 | D:3      | You fall into a shaft and drop 2 floors!
  1537 | D:5      | Entered Level 5 of the Dungeon
  1910 | D:4      | Found a broken altar of Ashenzari.
  2146 | D:4      | Found an iron altar of Okawaru.
  2260 | D:4      | Found a shimmering altar of Xom.
  2361 | D:4      | Splashed by a jelly's acid

Vanquished Creatures
  Ijyb (D:3)
  4 adders
  A worm (D:2)
  A dart slug (D:1)
  An orc (D:4)
  4 endoplasms
  3 giant cockroaches
  4 goblins
  5 hobgoblins
  4 jackals (D:4)
  3 kobolds (D:2)
  A quokka (D:1)
  3 ball pythons
  3 bats
  3 frilled lizards
  2 rats
43 creatures vanquished.

Vanquished Creatures (others)
  11 foxfires
11 creatures vanquished.

Grand Total: 54 creatures vanquished

Table legend: (Time is in decaauts)
 A = Elapsed time spent in this place.
 B = Non-inter-level travel time spent in this place.
 C = Inter-level travel time spent in this place.
 D = Time resting spent in this place.
 E = Time spent auto-exploring this place.
 F = Levels seen in this place.
 G = Mean time per level.
                   A        B        C        D        E       F      G
               +--------+--------+--------+--------+--------+-----+--------+
         Total |   2351 |   2236 |    115 |      0 |   1850 |   5 |  470.2 |
       Dungeon |   2351 |   2236 |    115 |      0 |   1850 |   5 |  470.2 |
               +--------+--------+--------+--------+--------+-----+--------+

Top non-repeatable levels by time:
     D:2: 702 daAuts
     D:3: 619 daAuts
     D:4: 517 daAuts
     D:1: 468 daAuts
     D:5: 43 daAuts

Table legend:
 A = Non-vault XP
 B = Vault XP
 C = Vault XP percentage of total XP
 D = Non-vault monster count
 E = Vault monster count
 F = Vault count percentage of total count
                 A         B        C        D         E       F
            +---------+---------+-------+---------+---------+-------
      Total |     124 |      35 |  22.0 |      42 |       1 |   2.3
            +---------+---------+-------+---------+---------+-------
        D:1 |      26 |       0 |   0.0 |      15 |       0 |   0.0
        D:2 |      36 |       0 |   0.0 |      13 |       0 |   0.0
        D:3 |       7 |      35 |  83.3 |       4 |       1 |  20.0
        D:4 |      55 |       0 |   0.0 |      10 |       0 |   0.0
            +---------+---------+-------+---------+---------+-------
